 Dungeon Sprint DCSS version 0.28-a0-909-g796cbd3a86 (webtiles) character file.

Game seed: 6040236130004250618

1138 Conn the Arsonist (level 8, -2/50 HPs)
             Began as an Octopode Fire Elementalist on Nov 25, 2021.
             Was a Believer of Sif Muna.
             Shot with an arrow by a centaur warrior (12 damage)
             ... in the Dungeon (Sprint IX: "|||||||||||||||||||||||||||||").
             The game lasted 00:08:18 (756 turns).

Conn the Arsonist (Octopode Fire Elementalist)       Turns: 756, Time: 00:08:19

Health: -2/50      AC:  1    Str:  8    XL:     8   Next: 37%
Magic:  2/20       EV: 16    Int: 22    God:    Sif Muna [**....]
Gold:   0          SH:  0    Dex: 12    Spells: 11/24 levels left

rFire   . . .      SeeInvis .   i - +2 halberd (protect)
rCold   . . .      Faith    .   (shield currently unavailable)
rNeg    . . .      Spirit   .   (helmet restricted)
rPois   .          Reflect  .   (no amulet)
rElec   .          Harm     .   j - +2 ring of evasion
rCorr   .          Rampage  .   k - +3 ring of intelligence
Will    .....      NoTele   +   (no ring)
Stlth   ++++......              (no ring)
HPRegen 0.16/turn               (no ring)
MPRegen 0.17/turn               (no ring)
                                (no ring)
                                (no ring)

@: no status effects
A: almost no armour, amphibious, 8 rings, camouflage 1, gelatinous body 1,
(nimble swimmer 1), tentacles
a: Renounce Religion, Channel Magic


You were in the Dungeon.
You worshipped Sif Muna.
Sif Muna was pleased with you.
You visited 1 branch

Inventory:

Hand Weapons
 g - a +3 dagger
 i - a +2 halberd of protection (weapon)
Jewellery
 j - a +2 ring of evasion (left tentacle)
 k - a +3 ring of intelligence (right tentacle)
Wands
 h - a wand of acid (10)
Scrolls
 e - 2 scrolls of amnesia
Potions
 a - 5 potions of curing
 b - 3 potions of heal wounds
 d - 3 potions of magic


   Skills:
 + Level 1.9 Fighting
 + Level 1.6 Short Blades
 + Level 5.1 Dodging
 + Level 6.5 Stealth
 * Level 8.5 Spellcasting
 * Level 6.2 Conjurations
 + Level 1.6 Hexes
 * Level 12.6 Fire Magic


You had 11 spell levels left.
You knew the following spells:

 Your Spells              Type           Power      Damage    Failure   Level
a - Foxfire               Conj/Fire      100%       2x1d9     1%          1
b - Conjure Flame         Conj/Fire      50%        6-21      1%          3
c - Inner Flame           Hex/Fire       40%        N/A       1%          3
d - Flame Wave            Conj/Fire      50%        3d10      1%          4
e - Scorch                Fire           100%       2d10      1%          2

Your spell library contained the following spells:

 Spells                   Type           Power      Damage    Failure   Level


Dungeon Overview and Level Annotations

Branches:
Dungeon (1/1)

Altars:
Cheibriados
Dithmenos
Elyvilon
Fedhas
Gozag
Hepliaklqana
Kikubaaqudgha
Makhleb
Nemelex Xobeh
Okawaru
Qazlal
Ru
Sif Muna
Trog
Uskayaw
Vehumet
Wu Jian
Xom
Yredelemnul
Zin
The Shining One
Beogh
Jiyva
Lugonu


Innate Abilities, Weirdness & Mutations

You cannot wear most types of armour.
You are amphibious.
You can wear up to eight rings at the same time.
Your skin changes colour to match your surroundings (Stealth+).
Your rubbery body absorbs attacks. (AC +1, EV +1)
((You are camouflaged near water. (Stealth+)))
You have tentacles for arms and can constrict up to eight enemies at once.


Message History

The two-headed ogre is engulfed in blazing flames.
Flame seeps out of the two-headed ogre.
Unknown command.
Your foxfire dissipates!
The foxfire hits the two-headed ogre.
Flame seeps out of the two-headed ogre.
The two-headed ogre is heavily wounded.
The manticore is engulfed in blazing flames.
The two-headed ogre is engulfed in blazing flames.
Flame seeps out of the two-headed ogre.
Items here: ))))).
Casting: Foxfire (safe; 1% risk of failure)
Confirm with . or Enter, or press ? or * to list all spells.
You conjure some foxfire!
The manticore is engulfed in blazing flames.
The two-headed ogre is engulfed in blazing flames.
Flame seeps out of the two-headed ogre.
Unknown command.
Your foxfire dissipates!
The foxfire hits the two-headed ogre but does no damage.
The two-headed ogre is almost dead.
The centaur warrior is engulfed in blazing flames.
The manticore is engulfed in blazing flames.
You see here a howler monkey skeleton.
Unknown command.
Casting: Foxfire (safe; 1% risk of failure)
Confirm with . or Enter, or press ? or * to list all spells.
You conjure some foxfire!
The centaur warrior is engulfed in blazing flames.
The manticore is engulfed in blazing flames.
You kill the manticore!
Sif Muna accepts your kill.
The foxfire hits the two-headed ogre!
Sif Muna accepts your kill.
The two-headed ogre explodes!
The fiery explosion engulfs you!!
* * * LOW HITPOINT WARNING * * *
The centaur warrior is engulfed in blazing flames.
The centaur warrior wields a +0 shortbow.
The centaur warrior shoots an arrow.
The arrow hits you!
You die...

▓'▓
▓§▓
▓§▓
▓c▓
▓§▓
▓[▓
▓.▓
▓§▓
▓@▓
▓v▓
▓'▓
▓_▓
▓_▓
▓_▓
▓_▓
▓_▓
▓_▓


You could see a centaur warrior.

Vanquished Creatures
  2 two-headed ogres (D)
  A manticore (D)
  A yak (D)
  An orc warrior (D)
  A necrophage (D)
  An ogre (D)
  2 centaurs (D)
  2 howler monkeys (D)
  A hound (D)
  An adder (D)
  2 goblins (D)
  A hobgoblin (D)
  A kobold (D)
  A rat (D)
18 creatures vanquished.

Vanquished Creatures (others)
  23 foxfires (D)
23 creatures vanquished.

Grand Total: 41 creatures vanquished

Notes
Turn   | Place    | Note
-------+----------+-------------------------------------------
     0 | D        | Conn the Octopode Fire Elementalist began the quest for the
                  | Orb.
     0 | D        | Reached XP level 1. HP: 11/11 MP: 3/3
    81 | D        | Noticed an ogre
    81 | D        | Noticed a howler monkey
    81 | D        | Noticed a necrophage
    81 | D        | Noticed a hound
    87 | D        | Killed a hound
    88 | D        | Reached skill level 5 in Fire Magic
    88 | D        | Reached XP level 2. HP: 16/17 MP: 6/6
    88 | D        | Reached XP level 3. HP: 20/21 MP: 7/7
    92 | D        | Killed a necrophage
    93 | D        | Reached skill level 7 in Fire Magic
    93 | D        | Reached XP level 4. HP: 18/27 MP: 8/10
    93 | D        | Reached XP level 5. HP: 22/32 MP: 8/11
    96 | D        | Reached skill level 1 in Short Blades
   118 | D        | Learned a level 3 spell: Conjure Flame
   122 | D        | Learned a level 3 spell: Inner Flame
   127 | D        | Learned a level 4 spell: Flame Wave
   130 | D        | Learned a level 2 spell: Scorch
   276 | D        | Reached skill level 8 in Fire Magic
   277 | D        | Killed an ogre
   278 | D        | Reached skill level 1 in Fighting
   278 | D        | Reached skill level 5 in Stealth
   278 | D        | Reached skill level 5 in Spellcasting
   278 | D        | Reached skill level 9 in Fire Magic
   278 | D        | Reached XP level 6. HP: 28/38 MP: 2/14
   367 | D        | Found a snail-covered altar of Cheibriados.
   367 | D        | Found a shadowy altar of Dithmenos.
   367 | D        | Found a white marble altar of Elyvilon.
   367 | D        | Found a blossoming altar of Fedhas.
   367 | D        | Found an opulent altar of Gozag.
   368 | D        | Found a hazy altar of Hepliaklqana.
   369 | D        | Found a viscous altar of Jiyva.
   370 | D        | Found an ancient bone altar of Kikubaaqudgha.
   371 | D        | Found a corrupted altar of Lugonu.
   372 | D        | Found a burning altar of Makhleb.
   373 | D        | Found a sparkling altar of Nemelex Xobeh.
   374 | D        | Found an iron altar of Okawaru.
   375 | D        | Found a stormy altar of Qazlal.
   376 | D        | Found a sacrificial altar of Ru.
   377 | D        | Found a shimmering blue altar of Sif Muna.
   378 | D        | Found a bloodstained altar of Trog.
   379 | D        | Found a hide-covered altar of Uskayaw.
   380 | D        | Found a radiant altar of Vehumet.
   381 | D        | Found an ornate altar of the Wu Jian Council.
   382 | D        | Found a shimmering altar of Xom.
   383 | D        | Found a basalt altar of Yredelemnul.
   384 | D        | Found a glowing silver altar of Zin.
   385 | D        | Became a worshipper of Sif Muna the Loreminder
   386 | D        | Found a glowing golden altar of the Shining One.
   414 | D        | Noticed a yak
   414 | D        | Noticed an orc warrior
   414 | D        | Noticed a two-headed ogre
   441 | D        | Killed a two-headed ogre
   442 | D        | Reached skill level 5 in Conjurations
   442 | D        | Reached skill level 1 in Hexes
   442 | D        | Reached skill level 11 in Fire Magic
   442 | D        | Reached XP level 7. HP: 44/44 MP: 12/18
   446 | D        | Reached * piety under Sif Muna
   447 | D        | Reached skill level 12 in Fire Magic
   485 | D        | Reached skill level 5 in Dodging
   485 | D        | Reached XP level 8. HP: 50/50 MP: 0/20
   615 | D        | Killed a yak
   620 | D        | Reached ** piety under Sif Muna
   738 | D        | Noticed a tengu warrior
   738 | D        | Noticed a centaur warrior
   738 | D        | Noticed a manticore
   738 | D        | Noticed a two-headed ogre
   756 | D        | Killed a manticore
   756 | D        | Killed a two-headed ogre
   756 | D        | Shot with an arrow by a centaur warrior

Illustrated notes

Levels and vault maps discovered:
D:        linesprint [early_d, line_temple, items_1, d_10, items_2, lair_1,
          lair_end, items_3, orc_1, orc_end, items_4, d_15, swamp_1, shoals_1,
          snake_1, spider_1, d_20, vaults_1, items_5, swamp_end, shoals_end,
          snake_end, spider_end, vaults_end, d_27, items_6, zot_1, zot_end,
          crypt_end, forest_end, elf_end, slime_end, tomb_end, abyss_end,
          pan_hell_end]

Skill      XL: |  1  2  3  4  5  6  7  8 |
---------------+-------------------------+-----
Stealth        | 4 5 6 |  6.5
Dodging        | 3 4 5 |  5.1
Spellcasting   | 3 4 5 7 8 |  8.5
Fire Magic     | 5 7 9 11 12 | 12.6
Conjurations   | 2 3 5 6 |  6.2
Short Blades   | 1 |  1.6
Fighting       | 1 |  1.9
Hexes          | 1 |  1.6

Action                   |  1- 3 |  4- 6 |  7- 9 || total
-------------------------+-------+-------+-------++-------
Melee: Dagger            |     8 |     3 |       ||    11
       Constrict         |     2 |     2 |       ||     4
       Tentacles         |       |     1 |       ||     1
       Halberd           |       |     3 |       ||     3
 Cast: Foxfire           |     5 |     1 |    15 ||    21
       Conjure Flame     |       |     4 |     7 ||    11
       Flame Wave        |       |     1 |     2 ||     3
       Scorch            |       |     1 |     1 ||     2
       Inner Flame       |       |     3 |     3 ||     6
  Use: Potion            |     2 |     2 |       ||     4
       Scroll            |       |     1 |     1 ||     2
Dodge: Dodged            |     4 |    10 |     4 ||    18

Table legend: (Time is in decaauts)
 A = Elapsed time spent in this place.
 B = Non-inter-level travel time spent in this place.
 C = Inter-level travel time spent in this place.
 D = Time resting spent in this place.
 E = Time spent auto-exploring this place.
 F = Levels seen in this place.
 G = Mean time per level.
                   A        B        C        D        E       F      G
               +--------+--------+--------+--------+--------+-----+--------+
         Total |    750 |    750 |      0 |    488 |      0 |   1 |  750.0 |
       Dungeon |    750 |    750 |      0 |    488 |      0 |   1 |  750.0 |
               +--------+--------+--------+--------+--------+-----+--------+

Top non-repeatable levels by time:
       D: 750 daAuts
